 Dungeon Crawl Stone Soup version 0.22.0-27-ga576289 (webtiles) character file.

35 poirepourri the Magician (level 3, 0/19 HPs)
             Began as a Deep Elf Conjurer on Aug 21, 2018.
             Succumbed to an adder's poison
             ... on level 2 of the Dungeon.
             The game lasted 00:01:53 (1266 turns).

poirepourri the Magician (Deep Elf Conjurer)        Turns: 1266, Time: 00:01:54

Health: 0/19       AC:  3    Str:  5    XL:     3   Next: 16%
Magic:  11/11      EV: 13    Int: 20    God:
Gold:   140        SH:  0    Dex: 15    Spells: 9/12 levels left

rFire    . . .     SeeInvis .   f - -1 dagger
rCold    . . .     Gourm    .   (no shield)
rNeg     . . .     Faith    .   a - +0 robe
rPois    .         Spirit   .   (no helmet)
rElec    .         Reflect  .   (no cloak)
rCorr    .         Harm     .   b - +0 pair of gloves
MR       .....                  (no boots)
Stlth    ++........             (no amulet)
HPRegen  0.06/turn              (no ring)
MPRegen  0.12/turn              (no ring)

@: lethally poisoned (0 -> -10)
A: no striking features
a: no special abilities


You were on level 2 of the Dungeon.
You were hungry.

You visited 1 branch of the dungeon, and saw 2 of its levels.

You collected 140 gold pieces.

Inventory:

Hand Weapons
 f - a -1 dagger (weapon)
Armour
 a - a +0 robe (worn)
 b - a +0 pair of gloves (worn)
Jewellery
 h - an uncursed ring of ice {unknown}
Comestibles
 c - 5 rations


   Skills:
 - Level 2.4 Dodging
 - Level 2.4 Stealth
 + Level 5.1 Spellcasting
 - Level 4.3 Conjurations


You had 9 spell levels left.
You knew the following spells:

 Your Spells              Type           Power        Failure   Level  Hunger
a - Magic Dart            Conj           ###.         1%          1    None
b - Searing Ray           Conj           ###...       3%          2    None

Your spell library contained the following spells:

 Spells                   Type           Power        Failure   Level  Hunger
 Dazzling Spray           Conj/Hex       ##....       14%         3    ##.....
 Iskenderun's Mystic Bla  Conj           ###.....     19%         4    ####...
 Force Lance              Conj/Tloc      ##......     43%         4    ####...
 Fulminant Prism          Conj/Hex       ##........   43%         4    ####...


Dungeon Overview and Level Annotations

Branches:
Dungeon (2/15)

Altars:
Gozag
Nemelex Xobeh
Okawaru
Sif Muna


Message History

* * * LOW HITPOINT WARNING * * *
You feel sick.
* * * LOW HITPOINT WARNING * * *
You feel sick.
Casting: Searing Ray (safe; 3% risk of failure)
Confirm with . or Enter, or press ? or * to list all spells.
Aiming: Magic Dart (safe; 1% risk of failure)
Press: ? - help, Shift-Dir - straight line, f - worm
Aim: a worm The magic dart hits the worm.
The worm is moderately wounded.
* * * LOW HITPOINT WARNING * * *
You feel sick.
* * * LOW HITPOINT WARNING * * *
You feel sick.
Okay, then.
It was a potion of magic.
Magic courses through your body.
* * * LOW HITPOINT WARNING * * *
You feel sick.
You die...

#.##.# #.##.# .########.##.#
...........#w# #. ........#..#.#
#. ## #...###.#..#.# #.##.# #..
###.#..#.# #.... # #...#..#.#
.... #...#..#@#.#####.#######
#...#..#.#.............#
###w#..#.#######)#####.#
#.###### #.#..#.#§§§§§g.....#.#
##......# #.####.#§#####§###.#.#
##......# #............§§.. #.#
##......# ######.#......§#...#.#
##......# #####...############.#
##......###...##.##...##.......#


You could see a worm.

Vanquished Creatures
  An adder (D:2)
  A dart slug (D:2)
  4 leopard geckos (D:1)
  A giant cockroach (D:2)
  3 goblins (D:1)
  A hobgoblin (D:1)
  A kobold (D:2)
  A quokka (D:2)
  2 ball pythons
  A bat (D:2)
  2 frilled lizards
  A rat (D:2)
19 creatures vanquished.

Notes
Turn   | Place    | Note
-------+----------+-------------------------------------------
     0 | D:1      | poirepourri the Deep Elf Conjurer began the quest for the Orb.
     0 | D:1      | Reached XP level 1. HP: 10/10 MP: 6/6
   326 | D:1      | Reached skill level 4 in Spellcasting
   326 | D:1      | Reached XP level 2. HP: 15/15 MP: 6/9
   997 | D:2      | Learned a level 2 spell: Searing Ray
  1001 | D:2      | Found an opulent altar of Gozag.
  1004 | D:2      | Found an iron altar of Okawaru.
  1007 | D:2      | Found a deep blue altar of Sif Muna.
  1010 | D:2      | Found a sparkling altar of Nemelex Xobeh.
  1256 | D:2      | Reached skill level 5 in Spellcasting
  1256 | D:2      | Reached XP level 3. HP: 10/19 MP: 1/11
  1266 | D:2      | Succumbed to an adder's poison

Skill      XL: |  1  2 |
---------------+-------+-----
Spellcasting   | 4 5 |  5.1
Dodging        | |  2.4
Stealth        | |  2.4
Conjurations   | |  4.3

Action                   || total
-------------------------++-------
Melee: Dagger            ||     3
 Cast: Magic Dart        ||    35
       Searing Ray       ||     2
  Use: Scroll            ||     3
       Potion            ||     3
Armor: Robe              ||     2
Dodge: Dodged            ||    13
